 Dungeon Sprint DCSS version 0.19-a0-1068-g99dd0f4 (webtiles) character file.

2766 Conn321 the Eclecticist (level 9, -9/47 HPs)
             Began as a Deep Elf Fire Elementalist on Aug 4, 2016.
             Was a High Priest of Sif Muna.
             Mangled by a hill giant
             ... wielding a +0 giant club
              (37 damage)
             ... in the Dungeon (Sprint III: "The Ten Rune Challenge").
             The game lasted 00:14:32 (1849 turns).

Conn321 the Eclecticist (DEFE)                      Turns: 1849, Time: 00:14:32

Health: -9/47      AC:  3    Str:  5    XL:     9   Next: 42%
Magic:  30/30      EV: 18    Int: 24    God:    Sif Muna [*****.]
Gold:   6576       SH:  0    Dex: 15    Spells: 6 memorised, 17 levels left

rFire  + . .     SeeInvis .     y - +1 long sword (holy)
rCold  x . .     Gourm    .     a - +0 robe
rNeg   . . .     Faith    .     (no shield)
rPois  .         Spirit   .     (no helmet)
rElec  .         Dismiss  .     (no cloak)
rCorr  .         Reflect  .     (no gloves)
SustAt .         Harm     .     w - +0 pair of boots
MR     .....     NoTele   +     (no amulet)
Stlth  +++.......               (no ring)
                                A - ring of fire

@:
A: no striking features
a: Divine Energy, Channel Magic, Forget Spell, Renounce Religion


You were in the Dungeon.
You worshipped Sif Muna.
Sif Muna was extremely pleased with you.
You were not hungry.

You visited 1 branch You collected 6876 gold pieces.
You spent 300 gold pieces at shops.

Inventory:

Hand Weapons
 y - a +1 long sword of holy wrath (weapon)
Missiles
 k - 8 tomahawks (quivered)
Armour
 a - a +0 robe (worn)
 w - a +0 pair of boots (worn)
Jewellery
 A - a ring of fire (left hand)
Wands
 B - a wand of paralysis (13/24)
Scrolls
 f - a scroll of holy word {unknown}
 i - a scroll of blinking
 m - 4 scrolls of identify
 n - 3 scrolls of remove curse
 r - a scroll of torment {unknown}
Potions
 e - 2 potions of mutation {unknown}
 h - a potion of berserk rage
 j - 4 potions of flight
 p - 4 potions of cure mutation
 q - a potion of invisibility {unknown}
 v - a potion of might
 x - a potion of curing
Books
 b - a book of Flames

   Spells                             Type                      Level
   a - Flame Tongue                   Conjuration/Fire             1
   b - Throw Flame                    Conjuration/Fire             2
   c - Conjure Flame                  Conjuration/Fire             3
   d - Inner Flame                    Hexes/Fire                   3
   e - Sticky Flame                   Conjuration/Fire             4
   f - Fireball                       Conjuration/Fire             5
 l - a book of the Tempests

   Spells                             Type                      Level
   a - Static Discharge               Conjuration/Air              3
   b - Lightning Bolt                 Conjuration/Air              5
   c - Fireball                       Conjuration/Fire             5
   d - Tornado                        Air                          9
   e - Shatter                        Earth                        9
 t - a book of Burglary

   Spells                             Type                      Level
   a - Swiftness                      Charms/Air                   2
   b - Passwall                       Transmutation/Earth          2
   c - Passage of Golubria            Translocation                4
   d - Lee's Rapid Deconstruction     Earth                        5
   e - Darkness                       Hexes                        6
   f - Invisibility                   Hexes                        6
 u - a book of Death

   Spells                             Type                      Level
   a - Corpse Rot                     Necromancy                   2
   b - Sublimation of Blood           Necromancy                   2
   c - Agony                          Necromancy                   5
   d - Dispel Undead                  Necromancy                   5
   e - Excruciating Wounds            Charms/Necromancy            5
   f - Bolt of Draining               Conjuration/Necromancy       5
 z - Sif Muna's Guide on the Entrancing Glacier
   (Sif Muna gifted it to you in the Dungeon)

   Spells                             Type                      Level
   a - Throw Frost                    Conjuration/Ice              2
   b - Tukima's Dance                 Hexes                        3
   c - Summon Mana Viper              Hexes/Summoning              5
   d - Glaciate                       Conjuration/Ice              9
Miscellaneous
 d - a disc of storms
Comestibles
 c - a bread ration
 g - 5 chunks of flesh
 o - 5 fruits
 s - 2 royal jellies


   Skills:
 + Level 1.0 Fighting
 + Level 9.0 Dodging
 + Level 6.3 Stealth
 + Level 15.4 Spellcasting
 + Level 9.8 Conjurations
 + Level 0.6 Hexes
 + Level 14.3 Fire Magic


You had 17 spell levels left.
You knew the following spells:

 Your Spells              Type           Power        Failure   Level  Hunger
a - Flame Tongue          Conj/Fire      #####        1%          1    None
b - Conjure Flame         Conj/Fire      #######.     1%          3    None
c - Sticky Flame          Conj/Fire      #######.     1%          4    None
d - Fireball              Conj/Fire      #######...   1%          5    ##.....
e - Inner Flame           Hex/Fire       ######..     1%          3    None
f - Dispel Undead         Necr           ###.....     87%         5    ##.....


Dungeon Overview and Level Annotations

Branches:
Dungeon (1/1)

Altars:
Cheibriados
Dithmenos
Elyvilon
Fedhas
Gozag
Hepliaklqana
Kikubaaqudgha
Makhleb
Nemelex Xobeh
Okawaru
Pakellas
Qazlal
Ru
Sif Muna
Trog
Uskayaw
Vehumet
Xom
Yredelemnul
Zin
The Shining One
Jiyva
Lugonu

Shops:
D *


Message History

Confirm with . or Enter, or press ? or * to list all spells.
Okay, then.
Unknown command.
Unknown command.
Things that are here:
a giant spiked club; a dire flail
Things that are here:
a giant club; a giant spiked club
There is an open door here.
Things that are here:
a hand axe; a leather armour
Things that are here:
a giant spiked club x2
You see here a flail.
There is an open door here.
You see here a short sword.
There is an open door to the Ecumenical Temple here.
The hill giant hits you with a giant club!!!
Ouch! That really hurt!
You die...

▓▓▓▓▓▓▓▓▓ ▓▓▓
▓<..#...#### ##.##
▓†..#......#####..#_
▓..##.......#..#..#.
▓##.##.##...#..#..##
##.##.###..##'#..#.
▓#.####.##..###...'.
▓.###..##..####...#.
▓#.@C..##..###....#.
###..##...##.....#.
##..##....#......#)
#..###..##.#.....#_
#..# #..#####....#_
▓▓▓▓ ▓▓▓▓ ▓▓▓▓▓▓▓


You could see a hill giant.

Vanquished Creatures
  An orc high priest (D)
  A deep elf mage (D)
  An orc sorcerer (D)
  A shadow (D)
  A spatial vortex (D)
  An orc warrior (D)
  A necrophage (D)
  3 two-headed ogres (D)
  A water elemental (D)
  A scorpion (D)
  A jelly (D)
  3 orc priests (D)
  A wizard (D)
  A necromancer (D)
  3 orc wizards (D)
  3 humans (D)
  A kobold demonologist (D)
  An ooze (D)
  9 orcs (D)
  3 rats (D)
38 creatures vanquished.

Vanquished Creatures (others)
  2 draconian scorchers (D)
  6 hellions (D)
  A yaktaur (D)
9 creatures vanquished.

Grand Total: 47 creatures vanquished

Notes
Turn   | Place    | Note
-------+----------+-------------------------------------------
     0 | D        | Conn321 the Deep Elf Fire Elementalist began the quest for the Orb.
     0 | D        | Reached XP level 1. HP: 10/10 MP: 6/6
   101 | D        | Killed a hellion
   101 | D        | Killed a hellion
   102 | D        | Killed a yaktaur
   119 | D        | Noticed a scorpion
   122 | D        | Killed a hellion
   159 | D        | Killed a scorpion
   159 | D        | Reached skill level 5 in Spellcasting
   159 | D        | Reached XP level 2. HP: 12/15 MP: 4/10
   159 | D        | Reached XP level 3. HP: 16/19 MP: 4/12
   183 | D        | Killed a white draconian scorcher
   189 | D        | Killed a hellion
   191 | D        | Killed a hellion
   197 | D        | Killed a hellion
   210 | D        | Killed a white draconian scorcher
   255 | D        | Reached skill level 6 in Spellcasting
   255 | D        | Reached XP level 4. HP: 24/24 MP: 4/14
   324 | D        | Learned a level 3 spell: Conjure Flame
   329 | D        | Learned a level 4 spell: Sticky Flame
   359 | D        | Noticed a water elemental
   361 | D        | Killed a water elemental
   361 | D        | Reached skill level 7 in Spellcasting
   403 | D        | Found a hide-covered altar of Uskayaw.
   403 | D        | Found a radiant altar of Vehumet.
   404 | D        | Found a deep blue altar of Sif Muna.
   404 | D        | Found an ancient bone altar of Kikubaaqudgha.
   404 | D        | Noticed a wizard
   407 | D        | Killed a wizard
   407 | D        | Reached XP level 5. HP: 28/28 MP: 12/17
   418 | D        | Became a worshipper of Sif Muna the Loreminder
   469 | D        | Found a hazy altar of Hepliaklqana.
   469 | D        | Found an iron altar of Okawaru.
   469 | D        | Found a bloodstained altar of Trog.
   469 | D        | Noticed a human
   470 | D        | Noticed a human
   477 | D        | Killed a human
   477 | D        | Reached * piety under Sif Muna
   477 | D        | Reached skill level 5 in Dodging
   477 | D        | Reached skill level 5 in Stealth
   477 | D        | Reached skill level 9 in Spellcasting
   477 | D        | Reached skill level 10 in Fire Magic
   477 | D        | Reached XP level 6. HP: 19/32 MP: 5/20
   480 | D        | Killed a human
   480 | D        | Reached ** piety under Sif Muna
   480 | D        | Reached skill level 10 in Spellcasting
   594 | D        | Found a basalt altar of Yredelemnul.
   594 | D        | Found a snail-covered altar of Cheibriados.
   594 | D        | Found a blossoming altar of Fedhas.
   602 | D        | Reached skill level 5 in Conjurations
   602 | D        | Reached XP level 7. HP: 7/36 MP: 15/23
   843 | D        | Learned a level 5 spell: Fireball
   844 | D        | Noticed a shadow
   847 | D        | Killed a shadow
   847 | D        | Reached *** piety under Sif Muna
   847 | D        | Reached skill level 11 in Spellcasting
   937 | D        | Found an oddly glowing altar of Pakellas.
   937 | D        | Found a stormy altar of Qazlal.
   938 | D        | Found a sacrificial altar of Ru.
   938 | D        | Found a burning altar of Makhleb.
   938 | D        | Found a viscous altar of Jiyva.
   938 | D        | Found a shimmering altar of Xom.
   938 | D        | Found a shadowy altar of Dithmenos.
   938 | D        | Found a sparkling altar of Nemelex Xobeh.
   938 | D        | Found a corrupted altar of Lugonu.
   938 | D        | Found an opulent altar of Gozag.
   938 | D        | Noticed a spatial vortex
   952 | D        | Killed a spatial vortex
  1042 | D        | Found a glowing silver altar of Zin.
  1043 | D        | Found a glowing golden altar of the Shining One.
  1043 | D        | Found a white marble altar of Elyvilon.
  1043 | D        | Noticed a deep elf mage
  1046 | D        | Killed a deep elf mage
  1046 | D        | Reached **** piety under Sif Muna
  1046 | D        | Reached skill level 12 in Spellcasting
  1046 | D        | Reached XP level 8. HP: 2/41 MP: 10/26
  1364 | D        | Learned a level 3 spell: Inner Flame
  1369 | D        | Reached skill level 13 in Spellcasting
  1481 | D        | Found Penwafoz's Assorted Antiques.
  1481 | D        | Noticed an orc high priest
  1481 | D        | Noticed an orc sorcerer
  1485 | D        | Reached ***** piety under Sif Muna
  1487 | D        | Killed an orc sorcerer
  1487 | D        | Killed an orc high priest
  1487 | D        | Received a gift from Sif Muna
  1487 | D        | Reached skill level 14 in Spellcasting
  1487 | D        | Reached XP level 9. HP: 46/46 MP: 6/29
  1487 | D        | Reached skill level 1 in Fighting
  1487 | D        | Reached skill level 15 in Spellcasting
  1514 | D        | Received a gift from Sif Muna
  1701 | D        | Identified Sif Muna's Guide on the Entrancing Glacier (Sif Muna gifted it to you in the Dungeon)
  1763 | D        | Bought a shiny granite ring for 125 gold pieces
  1763 | D        | Bought a potion of flight for 75 gold pieces
  1763 | D        | Bought a gold wand for 100 gold pieces
  1773 | D        | Learned a level 5 spell: Dispel Undead
  1849 | D        | Mangled by a hill giant

Vault maps used:
D:        dungeon_sprint_mu

Skill      XL: |  1  2  3  4  5  6  7  8  9 |
---------------+----------------------------+-----
Fire Magic     | 6 7 8 10 11 12 13 14 | 14.3
Dodging        | 3 4 5 6 8 9 |  9.0
Stealth        | 3 4 5 6 |  6.3
Spellcasting   | 5 6 7 9 10 12 14 15 | 15.4
Conjurations   | 2 4 5 7 8 9 |  9.8
Fighting       | 1 |  1.0
Hexes          | |  0.6

Action                   |  1- 3 |  4- 6 |  7- 9 || total
-------------------------+-------+-------+-------++-------
Throw: Tomahawk          |     1 |       |       ||     1
 Cast: Flame Tongue      |    27 |    12 |    35 ||    74
       Sticky Flame      |       |     4 |     3 ||     7
       Conjure Flame     |       |     2 |     2 ||     4
       Fireball          |       |       |    18 ||    18
       Inner Flame       |       |       |     1 ||     1
  Use: Potion            |     3 |       |     2 ||     5
  Eat: Chunk             |       |       |     5 ||     5
Armor: Robe              |       |     1 |     1 ||     2
Dodge: Dodged            |     4 |     4 |     4 ||    12
